Map: Romanticide LE

Players

Astrea - Winner!

  • Race: Protoss Protoss
  • League: Master
  • Spawn Location: 5:00

Epic

  • Race: Terran Terran
  • League: Grandmaster
  • Spawn Location: 11:00

Event: DreamHack SC2 Masters 2020 Winter

VOD

Have the link to the VOD?

Description

Time

  • Played on: Oct. 30, 2020, 5:21 p.m.
  • Length: 15:18

All games in this series

Show
View Real Time Build Order
Export as new Build Order

Astrea Protoss - Winner!

Build Orders: Phoenix Opening 

Get SALT Encoding   

  12  0:00  Probe  
  13  0:12  Probe  
  14  0:16  Pylon  
  14  0:24  Probe (Chrono Boost)  
  16  0:36  Gateway, Probe (Chrono Boost)  
  16  0:42  Probe (Chrono Boost)  
  16  0:45  Assimilator  
  17  0:51  Probe  
  18  1:03  Probe  
  19  1:15  Probe  
  20  1:26  Cybernetics Core  
  20  1:27  Probe  
  20  1:30  Pylon  
  20  1:31  Assimilator  
  21  1:39  Probe  
  22  1:49  Nexus  
  22  1:53  Probe  
  23  1:59  Adept (Chrono Boost)  
  23  2:05  Probe  
  26  2:17  Probe  
  26  2:19  Stargate  
  26  2:21  Adept (Chrono Boost)  
  27  2:29  Probe  
  30  2:33  Pylon  
  30  2:34  Warp Gate  
  30  2:42  Probe  
  31  2:51  Adept  
  33  2:54  Probe  
  34  3:03  Phoenix (Chrono Boost)  
  34  3:04  Probe  
  35  3:06  Shield Battery  
  36  3:16  Gateway  
  35  3:20  Phoenix (Chrono Boost)  
  39  3:27  Probe (Chrono Boost)  
  39  3:28  Probe (Chrono Boost)  
  39  3:35  Gateway  
  39  3:39  Probe (Chrono Boost)  
  41  3:43  Phoenix  
  41  3:44  Probe (Chrono Boost)  
  41  3:46  Probe (Chrono Boost)  
  44  3:51  Probe  
  44  3:53  Probe  
  44  3:55  Robotics Facility  
  46  4:03  Probe  
  46  4:05  Probe  
  48  4:11  Phoenix  
  48  4:15  Probe  
  51  4:17  Probe  
  51  4:20  Pylon  
  51  4:21  Assimilator  
  52  4:29  Probe  
  52  4:31  Probe  
  54  4:33  Assimilator  
  54  4:41  Probe  
  54  4:43  Probe  
  56  4:47  Observer  
  57  4:53  Probe  
  57  4:55  Probe  
  57  4:56  Adept  
  61  5:05  Probe  
  62  5:11  Pylon  
  62  5:15  Pylon  
  62  5:18  Probe  
  62  5:20  Observer  
  57  5:24  Phoenix  
  57  5:28  Probe (Chrono Boost)  
  60  5:30  Robotics Bay, Probe (Chrono Boost)  
  61  5:40  Probe (Chrono Boost)  
  61  5:41  Probe (Chrono Boost)  
  63  5:43  Nexus  
  63  5:45  Probe (Chrono Boost)  
  63  5:46  Probe (Chrono Boost)  
  63  5:49  Observer  
  66  5:51  Pylon  
  66  5:52  Sentry  
  66  5:54  Probe  
  70  5:57  Pylon, Probe  
  70  6:06  Pylon, Probe  
  70  6:09  Probe (Chrono Boost)  
  72  6:17  Colossus (Chrono Boost)  
  78  6:18  Probe (Chrono Boost)  
  78  6:21  Probe (Chrono Boost)  
  80  6:26  Forge, Observer, Twilight Council  
  80  6:27  Forge  
  80  6:29  Probe (Chrono Boost)  
  80  6:30  Pylon, Probe (Chrono Boost)  
  82  6:33  Probe (Chrono Boost)  
  82  6:35  Extended Thermal Lance, Probe  
  84  6:45  Probe  
  85  6:47  Nexus, Probe  
  85  6:48  Pylon  
  85  6:52  Sentry  
  88  6:57  Protoss Ground Weapons Level 1 (Chrono Boost), Protoss Ground Armor Level 1 (Chrono Boost), Probe x2  
  88  6:59  Probe  
  91  7:09  Probe x2  
  91  7:10  Observer  
  91  7:11  Probe  
  94  7:20  Zealot x3  
  94  7:21  Probe  
  94  7:22  Probe  
  102  7:23  Probe  
  100  7:33  Probe  
  101  7:38  Colossus (Chrono Boost)  
  101  7:42  Zealot x3  
  111  7:53  Charge  
  111  7:56  Gateway  
  110  7:58  Gateway  
  110  8:00  Photon Cannon, Gateway  
  110  8:02  Assimilator x2, Pylon  
  110  8:03  Gateway  
  110  8:04  Pylon  
  110  8:06  Photon Cannon x2, Gateway, Zealot x3  
  116  8:13  Templar Archives  
  116  8:19  Gravitic Drive  
  116  8:21  Gateway  
  116  8:23  Gateway  
  116  8:27  Pylon  
  119  8:48  Warp Prism (Chrono Boost)  
  118  8:49  Zealot x3  
  119  8:59  High Templar x3  
  119  9:00  High Templar  
  127  9:03  Nexus  
  127  9:05  Archon, Pylon  
  127  9:06  Archon, Pylon  
  123  9:18  Probe x3  
  126  9:30  Probe, Protoss Ground Armor Level 2 (Chrono Boost), Protoss Ground Weapons Level 2 (Chrono Boost)  
  127  9:34  Observer  
  127  9:35  Zealot x10  
  143  9:55  Observer  
  143  9:57  High Templar x4  
  143  9:59  Zealot x6  
  163  10:04  Observer  
  163  10:05  Archon x2, Pylon x2  
  163  10:08  Observer  
  163  10:09  Observer  
  163  10:10  Probe  
  163  10:11  Robotics Facility  
  165  10:14  Probe  
  166  10:23  Probe x3  
  166  10:26  Probe  
  170  10:30  Observer  
  170  10:33  Zealot x7  
  185  10:38  Probe  
  185  10:39  Probe x2  
  188  10:51  Probe  
  188  10:53  Probe x2  
  188  10:54  Probe  
  195  10:59  Disruptor (Chrono Boost)  
  196  11:06  Assimilator  
  196  11:07  Assimilator  
  196  11:08  Photon Cannon  
  196  11:09  Photon Cannon  
  195  11:11  Photon Cannon, Dark Shrine  
  195  11:16  Gravitic Boosters  
  195  11:26  Gateway  
  195  11:28  Gateway  
  195  11:29  Robotics Facility, Observer  
  195  11:42  Photon Cannon, Protoss Ground Weapons Level 3 (Chrono Boost), Observer  
  195  11:44  Photon Cannon  
  195  11:47  Pylon  
  195  11:49  Pylon  
  195  11:52  Protoss Ground Armor Level 3 (Chrono Boost)  
  195  11:54  Disruptor x2  
  195  11:58  Blink (Chrono Boost)  
  195  12:02  Nexus  
  195  12:04  Observer  
  195  12:10  Observer  
  195  12:22  Disruptor  
  198  12:27  Shadow Stride  
  194  12:31  Observer  
  194  12:35  Observer  
  194  12:37  Disruptor x2  
  194  12:39  Gateway  
  194  12:40  Gateway  
  192  12:47  Pylon  
  190  12:58  Disruptor  
  191  12:59  Pylon  
  191  13:02  Pylon  
  191  13:04  Unknown  
  191  13:05  Observer  
  191  13:13  Disruptor x2  
  195  13:33  Disruptor  
  194  13:36  Stalker x3  
  200  13:47  Photon Cannon  
  200  13:48  Photon Cannon, Disruptor  
  197  13:50  Photon Cannon  
  197  13:51  Photon Cannon  
  197  13:52  Shield Battery  
  197  13:53  Disruptor, Shield Battery  
  199  13:57  Pylon  
  199  14:10  Nexus  
  199  14:16  Pylon  
  183  14:34  Dark Templar x14  
  183  14:37  Disruptor x3  
  187  14:48  Probe  
  187  14:49  Probe x4  
  186  14:53  Pylon  
  186  14:54  Pylon  
  172  15:00  Photon Cannon  
  172  15:02  Photon Cannon  
  172  15:04  Photon Cannon  
  172  15:05  Shield Battery  
Show
View Real Time Build Order
Export as new Build Order

Epic Terran 

Build Orders:  

Get SALT Encoding   

  12  0:00  SCV  
  13  0:12  SCV  
  14  0:17  Supply Depot  
  14  0:24  SCV  
  14  0:27  Refinery  
  15  0:38  SCV  
  16  0:44  Barracks  
  16  0:50  SCV  
  17  1:02  SCV  
  18  1:09  Engineering Bay  
  18  1:15  SCV  
  18  1:31  Marine, Orbital Command  
  19  1:36  Factory  
  19  1:42  Refinery  
  19  1:49  Marine, Supply Depot  
  20  1:56  SCV  
  21  2:07  Marine  
  22  2:09  SCV  
  23  2:19  Armory  
  23  2:20  Factory Tech Lab  
  23  2:21  SCV  
  24  2:24  Marine  
  24  2:29  Supply Depot  
  25  2:33  SCV  
  26  2:39  Widow Mine  
  26  2:42  Starport  
  28  2:47  Marine  
  28  2:48  SCV  
  30  3:00  Widow Mine  
  30  3:04  Supply Depot  
  30  3:05  Drilling Claws  
  32  3:23  Medivac  
  34  3:28  Widow Mine  
  36  3:35  Command Center  
  36  3:37  SCV  
  37  3:43  Barracks Reactor  
  37  3:45  Supply Depot  
  37  3:49  SCV  
  37  3:53  Widow Mine  
  40  4:01  Medivac  
  42  4:03  SCV  
  42  4:09  Supply Depot  
  43  4:15  Widow Mine  
  45  4:17  SCV  
  45  4:20  Marine x2  
  48  4:30  Supply Depot, SCV  
  49  4:37  Barracks  
  49  4:42  SCV  
  50  4:50  Orbital Command, Stimpack  
  50  4:54  SCV  
  51  5:00  Widow Mine x2  
  51  5:02  Medivac  
  55  5:07  SCV  
  56  5:23  SCV  
  56  5:25  Widow Mine x2  
  56  5:26  Barracks Reactor  
  59  5:29  SCV  
  59  5:31  Barracks  
  58  5:35  Medivac  
  58  5:39  SCV  
  58  5:40  Engineering Bay  
  58  5:41  SCV  
  60  5:45  Supply Depot  
  60  5:46  Widow Mine  
  62  5:52  SCV  
  62  5:53  SCV, Refinery  
  62  6:04  Marine x2  
  62  6:05  Medivac, Marauder  
  62  6:09  SCV x2  
  66  6:15  Missile Turret  
  66  6:16  Missile Turret, Terran Infantry Weapons Level 1  
  62  6:20  Barracks Tech Lab  
  62  6:22  Widow Mine  
  62  6:23  SCV x2  
  66  6:26  Widow Mine, Marine  
  66  6:27  Refinery  
  66  6:28  Marine  
  66  6:31  Marauder  
  72  6:37  SCV x2  
  74  6:41  Supply Depot  
  74  6:42  Marauder  
  74  6:45  Medivac  
  74  6:46  Marine  
  79  6:50  SCV x2  
  79  6:53  Supply Depot  
  81  6:55  Marauder  
  81  7:01  Widow Mine x2  
  87  7:02  SCV x2  
  87  7:08  Marine x2  
  87  7:10  Combat Shield  
  87  7:11  Supply Depot  
  83  7:18  Medivac, SCV x2  
  83  7:22  Widow Mine x2  
  91  7:31  Marine x2, Marauder x2  
  91  7:33  Supply Depot  
  93  7:47  Widow Mine, Command Center  
  94  7:53  Medivac  
  94  7:54  Widow Mine  
  98  8:06  SCV x2  
  98  8:10  Marine x2  
  98  8:11  Marauder x2  
  106  8:13  Terran Infantry Weapons Level 2, Barracks  
  106  8:15  Barracks  
  106  8:20  Engineering Bay  
  106  8:21  SCV  
  106  8:22  SCV  
  108  8:28  Widow Mine x2  
  110  8:35  SCV x2  
  110  8:40  Marine  
  110  8:41  Marine, Marauder x2  
  118  8:43  Supply Depot  
  118  8:44  Supply Depot, Starport Reactor  
  118  8:45  Concussive Shells  
  116  8:54  SCV x2  
  118  9:03  Marine  
  118  9:04  Marine, Marauder x2  
  118  9:05  Barracks Tech Lab, Barracks Reactor  
  117  9:13  SCV x2  
  117  9:19  Widow Mine x2  
  117  9:22  Terran Infantry Armor Level 1  
  119  9:24  Supply Depot  
  119  9:25  SCV  
  119  9:26  SCV  
  115  9:32  Medivac x2  
  115  9:36  Marauder x3, Marine x2  
  124  9:39  SCV x2  
  124  9:40  Orbital Command  
  122  9:49  Widow Mine x2  
  122  9:51  Marine x2  
  120  9:56  SCV  
  120  9:57  SCV, Marauder x3  
  128  10:01  Marine x2, Missile Turret  
  130  10:08  Marine  
  130  10:09  Viking x2  
  130  10:13  SCV  
  130  10:14  Ghost Academy  
  136  10:16  SCV  
  136  10:18  SCV, Marauder  
  136  10:26  Marine x2, Marauder  
  134  10:30  Widow Mine x2  
  134  10:33  Marine x2  
  134  10:34  Marauder  
  139  10:37  Missile Turret  
  139  10:39  Viking x2  
  139  10:50  Marine, Marauder x2  
  139  10:53  Widow Mine x2  
  139  10:57  Marine x3, Refinery  
  148  10:58  Supply Depot x2  
  148  11:01  Ghost  
  153  11:10  Supply Depot  
  153  11:11  Ghost x2  
  153  11:12  Supply Depot  
  153  11:15  Refinery, Viking  
  153  11:17  Marine x2  
  161  11:20  Marine x2  
  161  11:23  Viking  
  165  11:26  Widow Mine  
  165  11:32  Marauder  
  169  11:33  Widow Mine  
  169  11:35  Supply Depot x2  
  171  11:44  Ghost  
  171  11:45  Marine x4  
  175  11:56  Bunker  
  175  11:58  Marauder  
  175  11:59  Marauder  
  175  12:00  Widow Mine x2  
  182  12:02  Viking x2  
  182  12:07  Supply Depot  
  186  12:08  Command Center  
  186  12:15  Terran Infantry Armor Level 2  
  185  12:18  Marauder  
  185  12:20  Marauder, Marine x4  
  176  12:37  Viking  
  176  12:38  Viking  
  177  12:53  Supply Depot  
  177  12:54  Ghost  
  177  12:55  Marauder x2  
  179  13:00  Marine x4  
  183  13:09  Viking x2  
  187  13:17  Marauder x2  
  187  13:18  Marine x3  
  153  13:23  Marauder  
  153  13:25  SCV x3  
  158  13:29  Marine  
  158  13:31  Widow Mine x2  
  157  13:38  Marauder x2  
  161  13:44  Marauder  
  161  13:46  Marine x2  
  165  13:52  Planetary Fortress  
  165  13:56  SCV x3  
  168  14:05  Supply Depot  
  168  14:06  Supply Depot, Viking  
  168  14:13  Marine x2  
  168  14:20  Widow Mine x2  
  159  14:29  Ghost x2  
  119  14:44  Marauder  
  119  14:45  Marine x3  
  106  14:48  SCV x3  
  93  15:02  Missile Turret  
Tags
 
Add a new tag
Caveats
  • Supply blocks, unpowered buildings, or Contaminate may cause inaccurate times.
  • Supply counts are checked every 10 seconds.